 Dungeon Crawl Stone Soup version 0.23.2 (webtiles) character file.

Game seed: 4139700482225481178

41621 Peloso the Fencer (level 13, -22/106 HPs)
             Began as a Minotaur Fighter on Apr 10, 2019.
             Was the Champion of Okawaru.
             Annihilated by a white ugly thing (24 damage)
             ... on level 13 of the Dungeon.
             The game lasted 00:47:21 (18611 turns).

Peloso the Fencer (Minotaur Fighter)               Turns: 18611, Time: 00:47:21

Health: -22/106    AC: 23    Str: 25    XL:     13   Next: 81%
Magic:  13/13      EV: 10    Int:  5    God:    Okawaru [******]
Gold:   1094       SH: 23    Dex: 18    Spells: 12/12 levels left

rFire    + . .     SeeInvis .   a - +3 double sword (slice)
rCold    . . .     Gourm    .   B - +2 large shield {rF+}
rNeg     . . .     Faith    .   V - +0 shadow dragon scales
rPois    .         Spirit   .   o - +2 hat
rElec    .         Reflect  .   (no cloak)
rCorr    .         Harm     .   i - +1 pair of gloves {Dex+3}
MR       +....     Rnd*Tele +   z - +2 pair of boots {Stlth+}
Stlth    +++++.....             O - amulet of the acrobat
HPRegen  0.27/turn              Z - ring of protection from magic
MPRegen  0.13/turn              q - +4 ring of dexterity

@: no status effects
A: retaliatory headbutt, horns 2, frail 1, teleportitis 1, subdued magic 1
a: Heroism, Finesse, Renounce Religion


You were on level 13 of the Dungeon.
You worshipped Okawaru.
Okawaru was exalted by your worship.
You were hungry.

You visited 3 branches of the dungeon, and saw 19 of its levels.
You also visited: Gauntlet and Volcano.

You collected 1322 gold pieces.
You spent 228 gold pieces at shops.

Inventory:

Hand Weapons
 a - a +3 double sword of slicing (weapon)
Armour
 c - a +0 shield
 i - a +1 pair of gloves of dexterity (worn)
 o - a +2 hat (worn)
 z - a +2 pair of boots of stealth (worn)
 A - +0 fire dragon scales
 B - a +2 large shield of fire resistance (worn)
 J - a +0 hat of intelligence
 V - +0 shadow dragon scales (worn)
Jewellery
 j - a +2 ring of protection
 q - a +4 ring of dexterity (right hand)
 x - an uncursed ring of poison resistance {unknown}
 I - an uncursed ring of protection from fire
 M - a +2 ring of evasion {unknown}
 O - an amulet of the acrobat (around neck)
 R - a +3 ring of dexterity
 Z - a ring of protection from magic (left hand)
Wands
 k - a wand of flame (9)
 m - a wand of iceblast (2)
 t - a wand of paralysis (11)
 w - a wand of clouds (5)
 D - a wand of acid (9)
 E - a wand of polymorph (6)
 H - a wand of random effects (20)
Scrolls
 b - a scroll of amnesia {unknown}
 e - a scroll of acquirement {unknown}
 h - 9 scrolls of remove curse
 l - 4 scrolls of blinking {unknown}
 s - 14 scrolls of teleportation {unknown}
 v - a scroll of noise {unknown}
 y - 4 scrolls of fear {unknown}
 F - a scroll of fog {unknown}
 K - a scroll of holy word {unknown}
 Q - 2 scrolls of magic mapping
 S - a scroll of silence {unknown}
Potions
 d - 2 potions of might
 g - a potion of ambrosia
 n - 2 potions of heal wounds
 p - 5 potions of curing
 r - 2 potions of mutation
 u - 5 potions of agility
 C - 2 potions of resistance
 G - a potion of cancellation
 L - 2 potions of haste
 N - a potion of brilliance {unknown}
 P - 4 potions of flight
 T - a potion of invisibility
 U - 3 potions of berserk rage
Comestibles
 f - 30 rations


   Skills:
 + Level 12.0 Fighting
 + Level 16.3 Long Blades
 + Level 11.7 Armour
 + Level 5.5 Dodging
 + Level 4.2 Stealth
 + Level 14.3 Shields
 + Level 2.2 Invocations
 + Level 1.1 Evocations


You had 12 spell levels left.
You didn't know any spells.
Your spell library contained the following spells:

 Spells                   Type           Power        Failure   Level  Hunger
 Beastly Appendage        Tmut           #.....       100%        1    ##.....
 Confusing Touch          Hex            #.....       100%        1    ##.....
 Magic Dart               Conj           #...         100%        1    ##.....
 Blink                    Tloc           N/A          100%        2    ###....
 Call Imp                 Summ           #.......     100%        2    ###....
 Slow                     Hex            #.......     100%        2    ###....
 Sublimation of Blood     Necr           #.........   100%        2    ###....
 Confuse                  Hex            #.......     100%        3    ####...
 Conjure Flame            Conj/Fire      #.......     100%        3    ####...
 Gell's Gravitas          Tloc           #.........   100%        3    ####...
 Ignite Poison            Fire/Tmut/Pois #.......     100%        3    ####...
 Mephitic Cloud           Conj/Pois/Air  #.......     100%        3    ####...
 Petrify                  Tmut/Erth      #.......     100%        4    #####..
 Alistair's Intoxication  Tmut/Pois      #.......     100%        5    ######.
 Irradiate                Conj/Tmut      #.........   100%        5    ######.
 Metabolic Englaciation   Hex/Ice        #.........   100%        5    ######.
 Summon Forest            Summ/Tloc      #.........   100%        5    ######.
 Yara's Violent Unravell  Hex/Tmut       #.........   100%        5    ######.


Dungeon Overview and Level Annotations

Branches:
Dungeon (14/15)            Temple (1/1) D:7            Lair (4/6) D:9
 Shoals (0/4) Lair:4        Snake (0/4) Lair:2          Orc (0/2) D:11
 Vaults (0/5) D:13

Altars:
Ashenzari
Cheibriados
Dithmenos
Elyvilon
Gozag
Hepliaklqana
Kikubaaqudgha
Makhleb
Nemelex Xobeh
Okawaru
Qazlal
Ru
Sif Muna
Trog
Uskayaw
Vehumet
Wu Jian
Xom
Yredelemnul
Zin
The Shining One

Shops:
D:6 [   D:7 %

Annotations:
D:4 1 runed translucent door, Menchi's ghost, amateur KoAs
Lair:2 exclusion: 2 oklob plants


Innate Abilities, Weirdness & Mutations

You reflexively headbutt those who attack you in melee.
You have a pair of horns on your head.
You are frail. (-10% HP)
You are occasionally teleported next to monsters.
Your spells are a little easier to cast, but a little less powerful.


Message History

Your Fighting skill increases to level 12!
The white ugly thing gores you. The white ugly thing freezes you!!
You block the white ugly thing's attack.
You see here an ugly thing corpse.
You slash the white ugly thing!
The white ugly thing is lightly wounded.
The white ugly thing gores you but does no damage.
You slash the white ugly thing!
Your headbutt misses the white ugly thing.
The white ugly thing is moderately wounded.
The white ugly thing gores you! The white ugly thing freezes you!!
* * * LOW HITPOINT WARNING * * *
You slash the white ugly thing! You headbutt the white ugly thing.
The white ugly thing is heavily wounded.
You barely miss the white ugly thing.
The white ugly thing is heavily wounded.
The white ugly thing gores you!
* * * LOW HITPOINT WARNING * * *
The white ugly thing freezes you!!
You die...

# #.##..##......# #........# #
#.##..##......# #........# #
#.##..##......# #........# #
#.##..##......# #........# #
#.##..##......# #........# #
#.##..##......# #........# #
#.##..##......# #........# #
#.##..##......######........#
#####.##..##...†@u........####...
......##...^....>.#####...# #...
......##.......÷..# #...# #...
#####.##..........# #...# #... #
#.##..........# #...# #... #
#.##......###.# #..(# #... #
#.##......# #.# #...# #... #
#.##......# #.# #...# #... #
#.##......# #.# #...# #...


You could see a white ugly thing.

Vanquished Creatures
  Gastronok (D:9)
  A cacodemon (Gauntlet)
  A minotaur (Gauntlet)
  Harold (D:8)
  A fire dragon (Volcano)
  A vault guard (D:13)
  2 hydras
  2 two-headed ogres
  5 death yaks
  A queen ant (D:8)
  A hell hog (Volcano)
  Nergalle (Lair:4)
  A wizard (D:13)
  2 manticores
  7 ugly things (D:13)
  A black mamba (Lair:1)
  A guardian serpent (Lair:2)
  4 spiny frogs
  3 centaur skeletons
  2 komodo dragons (Lair:3)
  2 trolls
  2 blink frogs (shapeshifter) (D:13)
  2 hornets
  2 hippogriffs
  4 slime creatures (D:13)
  5 shadows
  36 yaks
  The ghost of chimenez the Chopper, an amateur TrFi (D:3)
  4 fire bats (Volcano)
  2 wraiths (D:11)
  2 wyverns
  A basilisk (Lair:3)
  3 neqoxecs (Gauntlet)
  A steam dragon (Volcano)
  Grum (D:10)
  2 hungry ghosts
  An acid dragon (D:12)
  2 soldier ants (D:8)
  7 porcupines
  7 water moccasins
  2 hell hounds (Volcano)
  6 orc warriors
  A sky beast (D:7)
  5 ice beasts
  10 ogres
  2 necrophages (D:7)
  3 black bears
  An eye of draining (D:11)
  4 phantoms
  12 wolves
  A crocodile (Lair:2)
  11 centaurs
  A big kobold (D:7)
  8 bullfrogs
  A wyvern zombie (D:13)
  A wyvern skeleton (D:10)
  2 scorpions
  A troll zombie (D:11)
  A water moccasin skeleton (D:9)
  3 killer bees (D:8)
  9 wights (D:6)
  5 electric eels
  5 howler monkeys
  7 crimson imps
  3 centaur zombies
  A lava snake (D:12)
  11 hounds
  A jelly (D:13)
  5 orc priests
  5 bullfrog skeletons
  14 orc wizards
  An iguana (D:9)
  21 worker ants
  5 ogre zombies (D:11)
  2 worker ant zombies
  10 gnolls
  A howler monkey skeleton (D:4)
  7 adders
  2 shadow imps
  3 oozes
  3 adder skeletons
  A worm (D:3)
  2 dart slugs
  8 leopard geckos
  41 orcs
  9 bats
  9 giant cockroaches
  7 hobgoblins
  10 jackals
  13 kobolds
  6 quokkas
  A ball python (D:8)
  3 frilled lizards
  7 goblins
  A goblin skeleton (D:11)
  2 goblin zombies (D:11)
  3 hobgoblin zombies (D:11)
  A jackal zombie (D:8)
  A leopard gecko skeleton (D:4)
  13 orc zombies (D:11)
  A quokka skeleton (D:7)
  A quokka zombie (D:6)
  7 rats
470 creatures vanquished.

Notes
Turn   | Place    | Note
-------+----------+-------------------------------------------
     0 | D:1      | Peloso the Minotaur Fighter began the quest for the Orb.
     0 | D:1      | Reached XP level 1. HP: 19/19 MP: 0/0
   138 | D:1      | Reached XP level 2. HP: 26/27 MP: 1/1
   554 | D:1      | Reached XP level 3. HP: 31/33 MP: 2/2
  1732 | D:2      | Noticed a phantom
  1748 | D:2      | Killed a phantom
  1748 | D:2      | Reached skill level 3 in Long Blades
  1748 | D:2      | Reached skill level 5 in Armour
  1748 | D:2      | Reached XP level 4. HP: 25/41 MP: 3/3
  1748 | D:2      | Reached XP level 5. HP: 29/47 MP: 4/4
  2141 | D:3      | Reached skill level 1 in Dodging
  2144 | D:3      | Found an ornate altar of the Wu Jian Council.
  2179 | D:3      | Reached skill level 5 in Shields
  2289 | D:3      | Reached skill level 4 in Long Blades
  2303 | D:3      | Found a transporter.
  2307 | D:3      | Noticed chimenez's ghost (amateur TrFi)
  2310 | D:3      | Noticed an ogre
  2310 | D:3      | Identified the +8 dire flail "Sief" {venom, Dex+4}
  2310 | D:3      | Noticed an ogre
  2324 | D:3      | Found a transporter.
  2472 | D:3      | Reached XP level 6. HP: 53/53 MP: 5/5
  2602 | D:4      | Reached skill level 5 in Long Blades
  2631 | D:4      | Reached skill level 5 in Fighting
  2935 | D:3      | Found a deep blue altar of Sif Muna.
  3376 | D:4      | Noticed an ice beast
  3397 | D:4      | Killed an ice beast
  3397 | D:4      | Reached XP level 7. HP: 16/61 MP: 6/6
  3892 | D:4      | Found a snail-covered altar of Cheibriados.
  3892 | D:4      | Found a hide-covered altar of Uskayaw.
  3919 | D:4      | Found a sacrificial altar of Ru.
  3957 | D:4      | Found a runed translucent door.
  3963 | D:4      | Noticed a cyclops
  3963 | D:4      | Noticed Menchi's ghost (amateur KoAs)
  4002 | D:4      | Reached skill level 6 in Long Blades
  4205 | D:5      | Entered Level 5 of the Dungeon
  4225 | D:5      | Found a shimmering altar of Xom.
  4480 | D:5      | Reached skill level 7 in Long Blades
  4480 | D:5      | Reached XP level 8. HP: 62/69 MP: 7/7
  4824 | D:5      | Found a shadowy altar of Dithmenos.
  5005 | D:6      | Found a radiant altar of Vehumet.
  5067 | D:6      | Reached skill level 8 in Long Blades
  5433 | D:6      | Found Odoqieb's Antique Armour Emporium.
  5442 | D:6      | Bought a pair of shimmering boots for 228 gold pieces
  5453 | D:6      | Identified the cursed -5 pair of boots of Hangman {rF+
                  | rCorr} (You bought it in a shop on level 6 of the Dungeon)
  5582 | D:6      | Found a stormy altar of Qazlal.
  5650 | D:6      | Reached skill level 9 in Long Blades
  5650 | D:6      | Reached XP level 9. HP: 67/75 MP: 8/8
  5667 | D:6      | Found a burning altar of Makhleb.
  5881 | D:6      | Found a glowing golden altar of the Shining One.
  6588 | D:3      | Killed chimenez's ghost
  6599 | D:3      | Reached skill level 10 in Long Blades
  6811 | D:7      | Found a hazy altar of Hepliaklqana.
  6840 | D:7      | Found a bloodstained altar of Trog.
  6992 | D:7      | Found Less's Food Shoppe.
  7012 | D:7      | Found a staircase to the Ecumenical Temple.
  7038 | Temple   | Entered the Ecumenical Temple
  7046 | Temple   | Became a worshipper of Warmaster Okawaru
  7078 | D:7      | Reached skill level 11 in Long Blades
  7109 | D:7      | Reached XP level 10. HP: 88/88 MP: 9/9
  7585 | D:8      | Reached * piety under Okawaru
  7636 | D:8      | Noticed a queen ant
  7661 | D:8      | Killed a queen ant
  8005 | D:8      | Noticed Harold
  8019 | D:8      | Killed Harold
  8019 | D:8      | Reached ** piety under Okawaru
  8091 | D:8      | Reached *** piety under Okawaru
  8091 | D:8      | Reached skill level 12 in Long Blades
  8289 | D:8      | Reached skill level 10 in Shields
  9058 | D:9      | Reached **** piety under Okawaru
  9066 | D:9      | Reached XP level 11. HP: 68/95 MP: 10/10
  9072 | D:9      | Found a staircase to the Lair.
  9111 | D:9      | Found an opulent altar of Gozag.
  9341 | D:9      | Noticed Gastronok
  9361 | D:9      | Killed Gastronok
  9361 | D:9      | Reached skill level 1 in Stealth
  9433 | D:9      | You fall through a shaft for 3 floors!
  9514 | D:12     | Noticed a two-headed ogre
  9524 | D:12     | Killed a two-headed ogre
  9524 | D:12     | Reached skill level 13 in Long Blades
  9571 | D:12     | Reached ***** piety under Okawaru
  9571 | D:12     | Received a gift from Okawaru
  9571 | D:12     | Reached skill level 1 in Evocations
  9700 | D:11     | Found a gate leading to a gauntlet.
  9711 | Gauntlet | Entered a Gauntlet
  9711 | Gauntlet | Found a transporter.
  9711 | Gauntlet | Found a transporter.
  9711 | Gauntlet | Found a transporter.
  9711 | Gauntlet | Noticed a sixfirhy
  9715 | Gauntlet | Found a transporter.
  9715 | Gauntlet | Found a transporter.
  9724 | Gauntlet | Noticed a cacodemon
  9725 | Gauntlet | Found a transporter.
  9725 | Gauntlet | Noticed a wizard
  9734 | Gauntlet | Found a transporter.
  9752 | Gauntlet | Found a transporter.
  9758 | Gauntlet | Found a transporter.
  9776 | Gauntlet | Found a transporter.
  9784 | Gauntlet | Found a transporter.
  9784 | Gauntlet | Noticed a necromancer
  9802 | Gauntlet | Found a transporter.
  9893 | Gauntlet | Reached skill level 10 in Armour
  9954 | Gauntlet | Gained mutation: You are occasionally teleported next to
                  | monsters. [a neqoxec]
  9956 | Gauntlet | Gained mutation: You are frail. (-10% HP) [a neqoxec]
  9966 | Gauntlet | Gained mutation: Your spells are a little easier to cast,
                  | but a little less powerful. [a neqoxec]
  9968 | Gauntlet | Killed a cacodemon
  9968 | Gauntlet | Reached skill level 1 in Invocations
  9994 | Gauntlet | Got a clouded sapphire amulet
  9996 | Gauntlet | Identified the amulet of Kindness {Inacc Str+8} (You found
                  | it in a Gauntlet)
 10205 | Gauntlet | Noticed a minotaur
 10218 | Gauntlet | Killed a minotaur
 10221 | Gauntlet | Identified the Compendium of Mutagenic Creation
 10279 | D:10     | Entered Level 10 of the Dungeon
 10318 | D:10     | Noticed Grum
 10349 | D:10     | Killed Grum
 10605 | D:9      | Noticed a two-headed ogre
 10614 | D:9      | Killed a two-headed ogre
 10614 | D:9      | Reached XP level 12. HP: 90/95 MP: 12/12
 10887 | D:10     | Reached ****** piety under Okawaru
 10887 | D:10     | Reached skill level 10 in Fighting
 11637 | D:11     | Found a shimmering altar of Xom.
 11650 | D:11     | Noticed an eight-headed hydra
 11793 | Lair:1   | Entered Level 1 of the Lair of Beasts
 12122 | Lair:1   | Received a gift from Okawaru
 12122 | Lair:1   | Reached skill level 14 in Long Blades
 12487 | Lair:1   | Noticed an eight-headed hydra
 12496 | Lair:1   | Killed an 11-headed hydra
 13224 | Lair:2   | Found a staircase to the Snake Pit.
 13998 | Lair:3   | Found a dark tunnel.
 14003 | Volcano  | Entered a volcano
 14054 | Volcano  | Noticed a hell hog
 14064 | Volcano  | Killed a hell hog
 14211 | Volcano  | Noticed a fire dragon
 14227 | Volcano  | Killed a fire dragon
 14227 | Volcano  | Reached skill level 15 in Long Blades
 14288 | Lair:3   | Reached skill level 5 in Dodging
 14573 | Lair:4   | Noticed a death yak
 14573 | Lair:4   | Noticed a death yak
 14573 | Lair:4   | Noticed a death yak
 14575 | Lair:4   | Noticed a death yak
 14576 | Lair:4   | Noticed a death yak
 14585 | Lair:4   | Killed a death yak
 14597 | Lair:3   | Killed a death yak
 14597 | Lair:3   | Reached XP level 13. HP: 37/103 MP: 13/13
 14888 | Lair:4   | Received a gift from Okawaru
 14909 | Lair:4   | Found a staircase to the Shoals.
 15124 | Lair:4   | Noticed Nergalle
 15158 | Lair:4   | Killed Nergalle
 16237 | D:12     | Paralysed by a hornet for 2 turns
 16936 | D:11     | Found a staircase to the Orcish Mines.
 17532 | D:13     | Reached skill level 16 in Long Blades
 17658 | D:13     | Found a gate to the Vaults.
 18500 | D:13     | Received a gift from Okawaru
 18611 | D:13     | HP: 2/106 [white ugly thing (8)]
 18611 | D:13     | Annihilated by a white ugly thing

Skill      XL: |  1  2  3  4  5  6  7  8  9 10 11 12 13 |
---------------+----------------------------------------+-----
Armour         | 4 5 6 7 9 10 11 | 11.7
Fighting       | 4 5 6 7 8 9 10 12 | 12.0
Shields        | 4 5 6 7 9 10 12 13 14 | 14.3
Long Blades    | 3 4 5 7 9 11 12 13 15 16 | 16.3
Dodging        | 1 2 3 4 5 |  5.5
Stealth        | 2 3 4 |  4.2
Evocations     | 1 |  1.1
Invocations    | 1 2 |  2.2

Action                   |  1- 3 |  4- 6 |  7- 9 | 10-12 | 13-15 || total
-------------------------+-------+-------+-------+-------+-------++-------
Melee: Long sword        |    94 |   149 |   319 |   459 |       ||  1021
       Headbutt          |    13 |    35 |    85 |   186 |   101 ||   420
       Double sword      |       |       |       |   146 |   311 ||   457
Invok: Heroism           |       |       |       |     7 |     1 ||     8
       Finesse           |       |       |       |     2 |       ||     2
Evoke: Wand              |       |       |       |     1 |     4 ||     5
  Use: Scroll            |       |       |     6 |     9 |     3 ||    18
       Potion            |       |       |       |     8 |       ||     8
 Stab: Sleeping          |       |       |       |    13 |     7 ||    20
       Distracted        |       |       |       |     1 |       ||     1
  Eat: Chunk             |     2 |     6 |    12 |    15 |     9 ||    44
       Ration            |       |       |       |     3 |     1 ||     4
Armor: Scale mail        |    44 |    63 |       |       |       ||   107
       Chain mail        |       |    13 |   120 |   119 |       ||   252
       Shadow dragon sca |       |       |       |    90 |    70 ||   160
Dodge: Dodged            |    29 |    59 |    79 |   184 |    60 ||   411
Block: Shield            |    66 |    77 |   159 |   368 |     5 ||   675
       Large shield      |       |       |       |       |   303 ||   303
       Rpst.: Long sword |    11 |    11 |    19 |    28 |       ||    69
       Double sword      |       |       |       |    17 |    21 ||    38
